 Dungeon Crawl Stone Soup version 0.30-a0-719-gcc4359ea44 (webtiles) character file.

Game seed: 2284888120578807516

204 zinnoa the Cudgeller (level 6, 0/52 HPs)
             Began as a Meteoran Chaos Knight on Jan 26, 2023.
             Was a Plaything of Xom.
             Slain by a gnoll
             ... wielding a +0 flail
             ... led by a gnoll bouda
              (1 damage)
             ... on level 3 of the Dungeon.
             The game lasted 00:05:20 (1259 turns).

zinnoa the Cudgeller (Meteoran Chaos Knight)        Turns: 1259, Time: 00:05:20

Health: 0/52       AC:  8    Str: 15    XL:     6   Next: 31%
Magic:  7/7        EV: 12    Int: 14    God:    Xom [..*...]
Gold:   192        SH:  0    Dex: 14    Spells: 5/5 levels left

rFire   + . .      SeeInvis .    a - +0 mace (chaos)
rCold   x . .      Faith    .    (no shield)
rNeg    . . .      Spirit   .    b - +2 leather armour
rPois   .          Reflect  .    (no helmet)
rElec   .          Harm     .    (no cloak)
rCorr   .          Rampage  .    m - +2 pair of gloves
Will    .....                    (no boots)
Stlth   +                        i - amulet of the acrobat
HPRegen 0.28/turn                o - ring of fire
MPRegen 0.10/turn                (no ring)

@: glowing
A: sense surroundings 1, otherworldly, glowing, explore regen
a: Renounce Religion


You were on level 3 of the Dungeon.
You worshipped Xom.
You were a toy of Xom.
You visited 1 branch of the dungeon, and saw 3 of its levels.

You collected 192 gold pieces.

Inventory:

Hand Weapons
 a - a +0 mace of chaos (weapon)
 t - the +3 dagger "Qijesk" {heavy, rN+ Int+2}
   (You found it on level 3 of the Dungeon)

   Int:       It affects your intelligence (+2).
   rN:        It protects you from negative energy.
Armour
 b - a +2 leather armour (worn)
 m - a +2 pair of gloves (worn)
Jewellery
 i - an amulet of the acrobat (around neck)
 o - a ring of fire (left hand)
Scrolls
 d - 4 scrolls of identify {unknown}
 f - a scroll of fear {unknown}
 h - a scroll of summoning {unknown}
 k - 3 scrolls of enchant weapon {unknown}
 l - a scroll of fog {unknown}
 n - a scroll of torment {unknown}
 p - a scroll of teleportation {unknown}
 q - a scroll of magic mapping {unknown}
 s - a scroll of immolation {unknown}
Potions
 e - 2 potions of flight {unknown}
 g - 2 potions of heal wounds {unknown}
 j - a potion of attraction {unknown}
 r - a potion of curing {unknown}
Miscellaneous
 c - a piece from Xom's chessboard (15/15) (quivered)


   Skills:
 + Level 4.2 Fighting
 + Level 6.8 Maces & Flails
 + Level 3.0 Armour
 + Level 2.5 Dodging


You had 5 spell levels left.
You didn't know any spells.
Your spell library was empty.

Dungeon Overview and Level Annotations

Branches:
Dungeon (3/15) Zot: 519

Altars:

Shops:
D:2 =


Innate Abilities, Weirdness & Mutations

You passively map a small area around you.
You are easily found by Zot.
You glow in the dark.
You regain HP and MP as you explore.


Message History

The gnoll closely misses you.
You barely miss the gnoll.
The gnoll is almost dead.
The goblin hits you but does no damage. The gnoll completely misses you.
The gnoll misses you. The goblin hits you but does no damage.
You hit the gnoll.
You kill the gnoll!
The gnoll hits you with a +0 flail.
* * * LOW HITPOINT WARNING * * *
The goblin closely misses you.
Things that are here:
a +0 halberd; a gnoll corpse The gnoll closely misses you.
Items here: )) [ ††.
The gnoll attacks as you move away! The gnoll completely misses you.
You hit the gnoll. You burn the gnoll.
The gnoll is moderately wounded.
The gnoll barely misses you.
You closely miss the gnoll.
The gnoll is moderately wounded.
The gnoll closely misses you. The gnoll hits you with a +0 flail.
* * * LOW HITPOINT WARNING * * *
You hit the gnoll but do no damage.
The gnoll is poisoned.
The gnoll is moderately wounded.
The gnoll barely misses you.
You completely miss the gnoll.
The gnoll is moderately wounded.
The gnoll hits you but does no damage.
You closely miss the gnoll. Your punch misses the gnoll.
The gnoll is moderately wounded.
The gnoll closely misses you.
You hit the gnoll.
The gnoll is severely wounded.
The gnoll hits you with a +0 flail.
* * * LOW HITPOINT WARNING * * *
You closely miss the gnoll.
The gnoll is severely wounded.
The gnoll hits you with a +0 flail.
You die... "Boring in life, boring in death..."

#* , ∆.. , ,, # ##. , ,...
∆ ## ## #.. ∆.. , , *...
.# #.#* * #g#### *##.# .#
#.# #....####...## .#
#.#############...#.....g
*
.###.....................#
* ∆,
.))...####.....#####g.####
* .)#######..###.<@gg#..#*
### ##..## #####.#..##...
.# #..## #(.).......∆
.#### #.## ###...#....
.#..###.####### #.#.# ...
.#............. , ....#
∆.. * ...####.######.
,....# # #.## #.# * ∆
..... , #.# #.# .##.### ,


You could see a gnoll (very poisoned) and a goblin.

Vanquished Creatures
  A gnoll bouda (D:3)
  7 gnolls
  5 adders
  6 orcs (D:3)
  6 ball pythons (D:1)
  5 endoplasms
  3 giant cockroaches
  3 goblins (D:2)
  6 hobgoblins
  6 kobolds
  A quokka (D:1)
  3 bats
  2 frilled lizards
  4 rats
58 creatures vanquished.

Notes
Turn   | Place    | Note
-------+----------+-------------------------------------------
     0 | D:1      | zinnoa the Meteoran Chaos Knight began the quest for the
                  | Orb.
     0 | D:1      | Reached XP level 1. HP: 19/19 MP: 2/2
    42 | D:1      | Reached XP level 2. HP: 24/26 MP: 3/3
   238 | D:1      | Reached XP level 3. HP: 20/31 MP: 4/4
   429 | D:1      | Reached skill level 5 in Maces & Flails
   490 | D:1      | Glimpsed the power of Zot.
   547 | D:2      | Reached XP level 4. HP: 40/40 MP: 5/5
   764 | D:2      | Found Jeota's Jewellery Boutique.
   944 | D:2      | Reached XP level 5. HP: 44/46 MP: 6/6
   955 | D:2      | Reached skill level 6 in Maces & Flails
  1060 | D:2      | XOM: silly message
  1083 | D:2      | Glimpsed the power of Zot.
  1134 | D:3      | Identified the +3 dagger "Qijesk" {heavy, rN+ Int+2}
  1224 | D:3      | XOM: divination: detect items
  1236 | D:3      | Reached XP level 6. HP: 26/52 MP: 7/7
  1258 | D:3      | HP: 1/52 [gnoll/+0 flail[a gnoll bouda] (5)]
  1259 | D:3      | Slain by a gnoll

Illustrated notes

Levels and vault maps discovered:
D:1:      ebering_trefoil_twist, layout_loops_ring, minmay_tromino_v4_c
D:2:      layout_loops_ring, serial_shops, shop_fountains, nicolae_half_adder
D:3:      layout_rooms, chequers_ecumenical_altar_simple, uniq_sigmund

Skill      XL: |  1  2  3  4  5 |
---------------+----------------+-----
Maces & Flails | 5 6 |  6.8
Dodging        | 2 |  2.5
Fighting       | 4 |  4.2
Armour         | 3 |  3.0

Action                     |  1- 3 |  4- 6 || total
---------------------------+-------+-------++-------
  Melee: Mace              |    66 |    94 ||   160
         Punch             |     1 |     3 ||     4
   Stab: Confused          |       |     1 ||     1
 Armour: Leather armour    |    38 |    50 ||    88
  Dodge: Dodged            |    46 |    85 ||   131

Table legend: (Time is in decaauts)
 A = Elapsed time spent in this place.
 B = Non-inter-level travel time spent in this place.
 C = Inter-level travel time spent in this place.
 D = Time resting spent in this place.
 E = Time spent auto-exploring this place.
 F = Levels seen in this place.
 G = Mean time per level.
                   A        B        C        D        E       F      G
               +--------+--------+--------+--------+--------+-----+--------+
         Total |   1279 |   1231 |     48 |    151 |    751 |   3 |  426.3 |
       Dungeon |   1279 |   1231 |     48 |    151 |    751 |   3 |  426.3 |
               +--------+--------+--------+--------+--------+-----+--------+

Top non-repeatable levels by time:
     D:2: 618 daAuts
     D:1: 517 daAuts
     D:3: 143 daAuts
